AoeStats
← ska_18

Black Forest

506164530Analyzed
3v3 RM · 19d ago on Sep 12, 2026· 52m 40s· 6 players
Game mode
Random Map
Map size
Normal (6 player)
Population
200
Speed
Normal
Resources
Standard
Victory
Conquest
Starting age
Dark Age
Ending age
Imperial Age
RankedLock teamsTeams togetherTeam positionsShared explorationLock speedFull tech treeHidden civsTurbo modeCheats
Victory
Defeat
🇨🇳 Persians · China
983
+14
🇦🇹 Saracens · Austria
977
+14
🇦🇷 Franks · Argentina
911
+17
🇨🇴 Lithuanians · Colombia
975
-16
🇸🇰 Goths · Slovakia
939
-15
🇳🇱 Franks · Netherlands
912
-14
motc
1:11 Loom
13:51 Feudal Age
15:35 Horse Collar
19:14 Castle Age
17:22 Double-Bit Axe
19:49 Wheelbarrow
21:08 Heavy Plow
21:22 Bow Saw
25:50 Gold Mining
28:13 Scale Mail Armor
28:24 Forging
29:26 Hand Cart
32:36 Imperial Age
31:12 Chain Mail Armor
31:32 Iron Casting
30:22 Pikeman
31:03 Squires
31:42 Town Watch
32:00 Fletching
34:24 Two-Man Saw
33:56 Crop Rotation
33:29 Perfusion
33:50 Conscription
33:32 Anarchy
34:35 Blast Furnace
33:15 Halberdier
33:16 Man-at-Arms
33:56 Bodkin Arrow
35:10 Sappers
36:06 Bracer
36:06 Padded Archer Armor
38:28 Chemistry
37:49 Ballistics
37:19 Heated Shot
37:40 Masonry
37:26 Murder Holes
37:49 Leather Archer Armor
41:13 Ring Archer Armor
40:49 Scale Barding Armor
JiB'S
14:19 Feudal Age
15:34 Double-Bit Axe
19:26 Forging
19:18 Loom
22:13 Castle Age
21:22 Fletching
21:29 Gold Mining
23:23 Scale Barding Armor
23:21 Husbandry
31:03 Wheelbarrow
33:03 Hand Cart
33:04 Stone Mining
33:52 Gold Shaft Mining
33:17 Bodkin Arrow
34:30 Chain Barding Armor
36:33 Ballistics
36:16 Scale Mail Armor
36:53 Iron Casting
37:57 Padded Archer Armor
38:51 #83
46:21 Imperial Age
47:00 Leather Archer Armor
46:33 Elite Throwing Axeman
47:49 Hoardings
50:31 Chivalry
52:31 Caravan
alvarorincon10
0:33 Loom
15:00 Feudal Age
16:52 Wheelbarrow
16:12 Double-Bit Axe
18:16 Horse Collar
22:46 Castle Age
22:18 Stone Mining
22:49 Forging
24:01 Bow Saw
23:53 Heavy Plow
28:16 Hand Cart
28:00 Gold Mining
29:06 Fortified Wall
34:06 Bloodlines
37:06 Imperial Age
34:10 Pikeman
37:38 Squires
38:16 Iron Casting
37:47 Scale Barding Armor
37:44 Scale Mail Armor
38:30 Bloodlines
38:21 Husbandry
37:55 Halberdier
38:21 Arson
40:20 Block Printing
40:15 Fervor
40:26 Sanctity
41:00 Cavalier
42:05 Chain Barding Armor
42:01 Chain Mail Armor
43:32 Chemistry
42:54 Ballistics
42:25 Town Watch
43:43 Town Patrol
44:21 Plate Barding Armor
46:31 Paladin
ska_18
1:07 Loom
12:39 Feudal Age
17:47 Castle Age
16:05 Double-Bit Axe
16:03 Horse Collar
16:14 Gold Mining
20:41 Wheelbarrow
20:19 Bow Saw
20:58 Heavy Plow
24:15 Hand Cart
26:22 Fervor
27:59 Stone Mining
28:44 Gold Shaft Mining
27:57 Town Watch
28:56 Sanctity
28:50 Forging
28:45 Scale Barding Armor
33:42 Imperial Age
31:53 Iron Casting
31:30 Town Patrol
31:59 Fletching
32:30 Chain Barding Armor
33:03 Treadmill Crane
33:19 Murder Holes
33:39 Bodkin Arrow
34:54 Coinage
34:25 Caravan
34:49 Bloodlines
34:39 Husbandry
34:00 Light Cavalry
34:56 Masonry
36:34 Chemistry
35:40 Siege Engineers
35:58 Conscription
36:15 Bimaristan
37:03 Plate Barding Armor
38:08 Blast Furnace
38:10 Fortified Wall
38:37 Hoardings
40:53 Banking
40:29 Elite Mameluke
jhonzx_11
12:32 Feudal Age
17:28 Castle Age
15:15 Double-Bit Axe
16:06 Stone Mining
22:11 Bow Saw
27:02 Wheelbarrow
31:24 Imperial Age
30:48 Husbandry
31:01 Forging
30:56 Scale Barding Armor
31:20 Fortified Wall
31:28 Cavalier
32:30 Conscription
33:25 Chemistry
34:18 Chivalry
33:48 Paladin
34:56 Ballistics
35:04 Hand Cart
34:35 Loom
34:45 Gold Mining
36:55 Gold Shaft Mining
37:44 Iron Casting
37:30 Chain Barding Armor
40:31 Blast Furnace
40:07 Plate Barding Armor
41:10 Heavy Scorpion
45:59 Scale Mail Armor
zenghui
0:26 Loom
13:03 Feudal Age
14:14 Wheelbarrow
13:26 Double-Bit Axe
13:23 Horse Collar
13:37 Stone Mining
14:20 Gold Mining
20:14 Castle Age
20:57 Hand Cart
20:57 Bow Saw
21:45 Heavy Plow
31:33 Stone Shaft Mining
31:37 Gold Shaft Mining
36:47 Imperial Age
35:03 Town Watch
35:45 Scale Barding Armor
35:51 Forging
35:44 Caravan
36:16 Coinage
36:14 Town Patrol
37:23 Chain Barding Armor
38:07 Two-Man Saw
36:29 Elite War Elephant
37:44 Crop Rotation
38:39 Iron Casting
39:10 Chemistry
38:06 Murder Holes
38:04 Fletching
38:36 Conscription
40:15 Plate Barding Armor
40:42 Blast Furnace
40:18 Banking
41:32 Guilds
Connection lost

Rejoining the realm…

Still unreachable

The connection could not be restored.

Session expired

The server has moved on; the page needs a fresh start.